 Dungeon Crawl Stone Soup version 0.30-a0-457-g4b7bca3bfa (webtiles) character file.

Game seed: 15286053734571629675

1116 bmack86 the Cleaver (level 8, 0/70 HPs)
             Began as a Minotaur Fighter on Dec 14, 2022.
             Was an Initiate of Gozag.
             Slain by an iguana (6 damage)
             ... on level 5 of the Dungeon.
             The game lasted 00:12:24 (3341 turns).

bmack86 the Cleaver (Minotaur Fighter)              Turns: 3341, Time: 00:12:25

Health: 0/70       AC: 12    Str: 23    XL:     8   Next: 12%
Magic:  7/7        EV: 10    Int:  5    God:    Gozag
Gold:   274        SH:  5    Dex: 10    Spells: 7/7 levels left

rFire   . . .      SeeInvis .    a - +1 war axe
rCold   . . .      Faith    .    c - +0 buckler
rNeg    . . .      Spirit   .    b - +0 scale mail
rPois   .          Reflect  .    (helmet restricted)
rElec   .          Harm     .    g - +1 cloak
rCorr   .          Rampage  .    (no gloves)
Will    .....                    l - +1 pair of boots
Stlth   ..........               i - amulet of magic regeneration
HPRegen 0.31/turn                (no ring)
MPRegen 0.50/turn                (no ring)

@: gold aura
A: horns 2, retaliatory headbutt
a: Renounce Religion, Potion Petition, Call Merchant, Bribe Branch


You were on level 5 of the Dungeon.
You worshipped Gozag.
Gozag was aware of your devotion.
You visited 2 branches of the dungeon, and saw 6 of its levels.

You collected 349 gold pieces.
You paid 75 gold pieces to Gozag.

Inventory:

Hand Weapons
 a - a +1 war axe (weapon)
Missiles
 h - a throwing net
 j - 7 javelins (quivered)
Armour
 b - a +0 scale mail (worn)
 c - a +0 buckler (worn)
 g - a +1 cloak (worn)
 l - a +1 pair of boots (worn)
 s - a scarf of invisibility
Jewellery
 i - an amulet of magic regeneration (around neck)
 w - an amulet of faith
Wands
 o - a wand of paralysis (6)
 u - a wand of flame (21)
 x - a wand of polymorph (15)
Scrolls
 e - a scroll of poison
 f - a scroll of immolation
 k - 9 scrolls of teleportation
 m - a scroll of butterflies
 v - a scroll of enchant weapon
 y - a scroll of silence
 z - a scroll of magic mapping
 A - a scroll of amnesia {unknown}
 B - a scroll of identify
Potions
 d - 3 potions of might
 n - a potion of attraction
 p - 2 potions of curing
 q - a potion of berserk rage {unknown}
 r - a potion of flight {unknown}
 t - a potion of degeneration {unknown}
 C - a potion of resistance {unknown}


   Skills:
 + Level 6.0 Fighting
 + Level 8.1 Axes
 + Level 6.1 Armour
 + Level 2.0 Dodging
 + Level 0.5 Stealth
 + Level 5.3 Shields


You had 7 spell levels left.
You didn't know any spells.
Your spell library contained the following spells:

 Spells                   Type           Power      Damage    Failure   Level
 Beastly Appendage        Tmut           0%         N/A       85%         1
 Wereblood                Tmut           0%         N/A       94%         2
 Ozocubu's Armour         Ice            0%         N/A       99%         3
 Spider Form              Tmut/Pois      0%         N/A       99%         3
 Animate Armour           Summ/Erth      0%         N/A       100%        4
 Blade Hands              Tmut           0%         N/A       100%        5
 Iron Shot                Conj/Erth      0%         9d1       100%        6
 Ozocubu's Refrigeration  Ice            0%         4d7       100%        7


Dungeon Overview and Level Annotations

Branches:
Dungeon (5/15)             Temple (1/1) D:4

Altars:
Ashenzari
Cheibriados
Dithmenos
Elyvilon
Gozag
Hepliaklqana
Kikubaaqudgha
Makhleb
Okawaru
Qazlal
Ru
Sif Muna
Trog
Uskayaw
Wu Jian
Xom
Yredelemnul
Zin
The Shining One

Shops:
D:1 (   D:3 (


Innate Abilities, Weirdness & Mutations

You have a pair of horns on your head.
You reflexively headbutt those who attack you in melee.


Message History

You have reached level 8!
You feel agile.
You miss the hound.
The hound is lightly wounded.
You hit the ogre. You block the gnoll's attack.
The ogre hits you with a +0 giant club!!
The hound closely misses you. You furiously retaliate!
You headbutt the hound. You closely miss the hound.
Your headbutt misses the hound.
The hound is heavily wounded.
You hit the ogre. You block the hound's attack. You block the gnoll's attack.
The hound bites you but does no damage. The ogre barely misses you.
You furiously retaliate!
You headbutt the ogre.
Unknown command.
You barely miss the hound.
The hound is heavily wounded.
You hit the ogre. The hound bites you but does no damage. The gnoll misses you.
The hound completely misses you. The gnoll hits you but does no damage.
The ogre hits you with a +0 giant club!!
* * * LOW HITPOINT WARNING * * *
You closely miss the hound.
The hound is heavily wounded.
You hit the ogre.
The gnoll is no longer moving quickly.
The hound bites you but does no damage. The gnoll hits you but does no damage.
Unknown command.
You slash the hound!
You kill the hound!
You hit the ogre. You block the ogre's attack.
The gnoll hits you but does no damage.
You hit the iguana but do no damage. You hit the ogre.
You kill the ogre!
You block the gnoll's attack. The iguana bites you.
* * * LOW HITPOINT WARNING * * *
Your Fighting skill increases to level 6!
Your Axes skill increases to level 8!
Unknown command.
You hit the iguana but do no damage.
Your attacks no longer feel as feeble.
The gnoll closely misses you. The iguana bites you.
You die...
Your body crumbles into a pile of gold.

#.. .# #/#..### .#
#......# .# .. #$# .#
#.##.##.# $ #..$$$..#
#$##.#.#### # #..$$...#
#..#@##.# # #..#l# # ..
#.#.#g.# ..> #......# #
...# ###.##.##.#
....#########..<....#
..#........#####.####
..#........# #.#
...........#####.####...


You could see an iguana and a gnoll.

Vanquished Creatures
  Sigmund (D:2)
  An ogre (D:5)
  A phantom (D:4)
  2 necrophages (D:4)
  A scorpion (D:4)
  2 hounds
  A jelly (D:4)
  Crazy Yiuf (D:2)
  An orc priest (D:4)
  A gnoll bouda (D:5)
  Ijyb (D:3)
  An iguana (D:5)
  Natasha (thrice) (D:2)
  An orc wizard (D:4)
  Terence (D:3)
  10 gnolls
  8 adders
  An ufetubus (D:4)
  A worm (D:4)
  2 dart slugs
  7 orcs
  5 bats
  6 endoplasms
  8 giant cockroaches
  12 hobgoblins
  2 jackals (D:4)
  6 kobolds
  5 quokkas
  9 ball pythons
  3 frilled lizards
  5 goblins
  3 rats
112 creatures vanquished.

Notes
Turn   | Place    | Note
-------+----------+-------------------------------------------
     0 | D:1      | bmack86 the Minotaur Fighter began the quest for the Orb.
     0 | D:1      | Reached XP level 1. HP: 19/19 MP: 0/0
    65 | D:1      | Reached XP level 2. HP: 24/27 MP: 1/1
   103 | D:1      | Found Juas's Weapon Boutique.
   521 | D:2      | Reached skill level 3 in Axes
   522 | D:2      | Reached XP level 3. HP: 9/33 MP: 2/2
   524 | D:2      | Reached skill level 4 in Axes
   524 | D:2      | HP: 1/33 [gnoll/+0 flail (6)]
   671 | D:2      | Reached XP level 4. HP: 41/41 MP: 3/3
   832 | D:2      | Noticed Sigmund
   846 | D:2      | Killed Sigmund
   847 | D:2      | Reached skill level 5 in Axes
   847 | D:2      | Reached XP level 5. HP: 24/47 MP: 4/4
   847 | D:2      | Reached XP level 6. HP: 28/55 MP: 5/5
  1012 | D:2      | Found a runed translucent door.
  1013 | D:2      | Noticed Crazy Yiuf
  1089 | D:2      | Noticed Natasha
  1092 | D:2      | Killed Natasha
  1093 | D:2      | Reached skill level 5 in Fighting
  1447 | D:2      | Noticed Natasha
  1452 | D:2      | Killed Natasha
  1453 | D:2      | Reached skill level 6 in Axes
  1502 | D:2      | Killed Crazy Yiuf
  1623 | D:2      | Noticed Natasha
  1629 | D:2      | Killed Natasha
  1759 | D:3      | Noticed Terence
  1767 | D:3      | Killed Terence
  1768 | D:3      | Reached skill level 1 in Dodging
  1852 | D:3      | Noticed Ijyb
  1860 | D:3      | Killed Ijyb
  1861 | D:3      | Reached skill level 5 in Armour
  1896 | D:3      | Found Urrer's Weapon Boutique.
  2440 | D:4      | Reached XP level 7. HP: 48/61 MP: 6/6
  2644 | D:4      | Reached skill level 7 in Axes
  2713 | D:4      | Reached skill level 5 in Shields
  2727 | D:4      | Found a staircase to the Ecumenical Temple.
  2745 | Temple   | Entered the Ecumenical Temple
  2770 | Temple   | Became a worshipper of Gozag Ym Sagoz the Greedy
  3213 | D:5      | Entered Level 5 of the Dungeon
  3335 | D:5      | Reached XP level 8. HP: 60/70 MP: 7/7
  3341 | D:5      | Reached skill level 8 in Axes
  3341 | D:5      | Slain by an iguana

Illustrated notes

Levels and vault maps discovered:
D:1:      amcnicky_arrival_feature_with_door, layout_rooms, serial_shops,
          nicolae_shop_stone, minmay_pentomino_s4
D:2:      layout_loops_ring, nicolae_elevator_lobby_asterisk, uniq_sigmund,
          uniq_crazy_yiuf_cottage, uniq_natasha
D:3:      layout_basic, serial_shops, nicolae_shop_bloodbath_and_beyond,
          grunt_ministairs_6, uniq_terence, uniq_ijyb
D:4:      layout_cave_pools, minmay_temple_entry_trees, minmay_starry_boxes
D:5:      layout_loops_cross, nemelex_dance_club_becter,
          nicolae_ossuary_entry_monument, serial_park_tiny_1
Temple:   hellmonk_temple_of_storms

Skill      XL: |  1  2  3  4  5  6  7  8 |
---------------+-------------------------+-----
Fighting       | 4 5 6 |  6.0
Armour         | 4 5 6 |  6.1
Axes           | 3 4 5 6 7 8 |  8.1
Shields        | 4 5 |  5.3
Dodging        | 1 2 |  2.0
Stealth        | |  0.5

Action                   |  1- 3 |  4- 6 |  7- 9 || total
-------------------------+-------+-------+-------++-------
Melee: War axe           |    46 |   108 |    80 ||   234
       Headbutt          |     4 |     9 |    12 ||    25
  Use: Scroll            |     4 |     7 |     2 ||    13
Armor: Scale mail        |    23 |    66 |    43 ||   132
Dodge: Dodged            |    33 |    57 |    61 ||   151
Block: Buckler           |    11 |    24 |    30 ||    65

Table legend: (Time is in decaauts)
 A = Elapsed time spent in this place.
 B = Non-inter-level travel time spent in this place.
 C = Inter-level travel time spent in this place.
 D = Time resting spent in this place.
 E = Time spent auto-exploring this place.
 F = Levels seen in this place.
 G = Mean time per level.
                   A        B        C        D        E       F      G
               +--------+--------+--------+--------+--------+-----+--------+
         Total |   3399 |   3243 |    156 |    217 |   1845 |   6 |  566.5 |
       Dungeon |   3354 |   3217 |    137 |    217 |   1837 |   5 |  670.8 |
        Temple |     45 |     26 |     19 |      0 |      8 |   1 |   45.0 |
               +--------+--------+--------+--------+--------+-----+--------+

Top non-repeatable levels by time:
     D:2: 1149 daAuts
     D:3: 784 daAuts
     D:4: 758 daAuts
     D:1: 529 daAuts
     D:5: 132 daAuts
  Temple: 45 daAuts
